 Dungeon Crawl Stone Soup version 0.20.1-1-g8b1a95d (webtiles) character file.

13165 Mesmaeker13 the Infuser (level 11, -12/86 HPs)
             Began as a Pale Draconian Skald on Aug 25, 2017.
             Mangled by a red ugly thing (19 damage)
             ... on level 12 of the Dungeon.
             The game lasted 00:31:18 (14664 turns).

Mesmaeker13 the Infuser (Pale Draconian Skald)     Turns: 14664, Time: 00:31:19

Health: -12/86     AC:  9    Str: 28      XL:     11   Next: 72%
Magic:  16/18      EV: 14    Int: 21 (22) God:    Xom [..*...]
Gold:   435        SH:  6    Dex:  8      Spells: 6/20 levels left

rFire    . . .     SeeInvis .   i - +6 long sword of Stickiness {freeze, +Rage rF+ Int+3}
rCold    . . .     Gourm    .   Q - +2 buckler "Henull" {+Fly rF- rCorr Str+8}
rNeg     . . .     Faith    .   (armour unavailable)
rPois    .         Spirit   .   (helmet restricted)
rElec    .         Reflect  .   w - +0 cloak
rCorr    +         Harm     .   (no gloves)
MR       .....                  l - +0 pair of boots
Stlth    +.........             (no amulet)
Regen    0.3/turn               e - +4 ring of strength
MPRegen  0.2/turn               (no ring)

@: very slightly contaminated
A: breathe steam, unfitting armour, talons 1, clever 1, clumsy 1, deterioration
1, sense surroundings 1, robust 1, strong 1, wild magic 2, evolution 1,
cold-blooded, AC +7
a: Breathe Steam, Renounce Religion, Evoke Berserk Rage, Evoke Flight


You were on level 12 of the Dungeon.
You worshipped Xom.
You were a toy of Xom.
You were not hungry.

You visited 2 branches of the dungeon, and saw 13 of its levels.

You collected 690 gold pieces.
You spent 255 gold pieces at shops.

Inventory:

Hand Weapons
 i - the +6 long sword of Stickiness (weapon) {freeze, +Rage rF+ Int+3}
   (You bought it in a shop on level 7 of the Dungeon)

   It has been specially enchanted to freeze those struck by it, causing extra
   injury to most foes and up to half again as much damage against particularly
   susceptible opponents.
   It can also slow down cold-blooded creatures.
   It affects your intelligence (+3).
   It protects you from fire.
   It lets you go berserk.
 E - the +6 morningstar of the Last Lives {flame, Int+4}
   (You found it on level 9 of the Dungeon)

   It has been specially enchanted to burn those struck by it, causing extra
   injury to most foes and up to half again as much damage against particularly
   susceptible opponents.
   It affects your intelligence (+4).
 O - a +2 longbow of flaming
Missiles
 I - 6 throwing nets (quivered)
 M - 6 javelins of penetration
Armour
 l - a +0 pair of boots (worn)
 w - a +0 cloak (worn)
 Q - the +2 buckler "Henull" (worn) {+Fly rF- rCorr Str+8}
   (You found it on level 9 of the Dungeon)

   It affects your strength (+8).
   It makes you vulnerable to fire.
   It lets you fly.
   It protects you from acid and corrosion.
Jewellery
 e - a +4 ring of strength (left hand)
 F - an uncursed ring of ice
Wands
 u - a wand of random effects (13/48)
Scrolls
 k - 3 scrolls of blinking
 p - a scroll of fear
 r - 3 scrolls of teleportation
 v - 4 scrolls of amnesia
 y - 4 scrolls of enchant weapon
 z - 4 scrolls of remove curse
 B - 3 scrolls of magic mapping
 H - a scroll of recharging
 K - 2 scrolls of enchant armour
 P - 3 scrolls of fog
Potions
 d - 2 potions of magic
 f - a potion of agility
 h - 4 potions of brilliance
 m - a potion of lignification {unknown}
 n - 3 potions of invisibility {unknown}
 o - 3 potions of heal wounds
 q - 2 potions of flight {unknown}
 x - 4 potions of curing
 A - 2 potions of haste
 G - a potion of cancellation {unknown}
 J - a potion of ambrosia {unknown}
 N - a potion of degeneration {unknown}
Books
 a - a book of Debilitation

   Spells                             Type                      Level
   a - Corona                         Hexes                        1
   b - Slow                           Hexes                        2
   c - Inner Flame                    Hexes/Fire                   3
   d - Portal Projectile              Hexes/Translocation          3
   e - Cause Fear                     Hexes                        4
   f - Leda's Liquefaction            Hexes/Earth                  4
 b - a book of Battle

   Spells                             Type                      Level
   a - Infusion                       Charms                       1
   b - Shroud of Golubria             Charms/Translocation         2
   c - Song of Slaying                Charms                       2
   d - Spectral Weapon                Hexes/Charms                 3
   e - Regeneration                   Charms/Necromancy            3
 s - a book of Flames

   Spells                             Type                      Level
   a - Flame Tongue                   Conjuration/Fire             1
   b - Throw Flame                    Conjuration/Fire             2
   c - Conjure Flame                  Conjuration/Fire             3
   d - Inner Flame                    Hexes/Fire                   3
   e - Sticky Flame                   Conjuration/Fire             4
   f - Fireball                       Conjuration/Fire             5
 R - a book of Party Tricks

   Spells                             Type                      Level
   a - Summon Butterflies             Summoning                    1
   b - Apportation                    Translocation                1
   c - Lesser Beckoning               Translocation                3
   d - Tukima's Dance                 Hexes                        3
   e - Alistair's Intoxication        Transmutation/Poison         5
   f - Invisibility                   Hexes                        6
Miscellaneous
 t - a phantom mirror
Comestibles
 c - 3 bread rations
 g - 2 royal jellies
 j - 3 meat rations
 C - 4 fruits


   Skills:
 - Level 2.1 Fighting
 + Level 7.5 Long Blades
   Level 6.6 Polearms
 - Level 7.2 Dodging
 - Level 5.0 Shields
 + Level 5.2 Spellcasting
 - Level 5.0 Hexes
 + Level 9.6 Charms
 - Level 3.1 Necromancy
 - Level 3.0 Translocations


You had 6 spell levels left.
You knew the following spells:

 Your Spells              Type           Power        Failure   Level  Hunger
a - Infusion              Chrm           ####         1%          1    None
b - Shroud of Golubria    Chrm/Tloc      ######....   4%          2    None
c - Song of Slaying       Chrm           ######..     1%          2    None
d - Regeneration          Chrm/Necr      ######....   7%          3    ##.....
e - Spectral Weapon       Hex/Chrm       ######..     5%          3    ##.....
f - Conjure Flame         Conj/Fire      #.......     50%         3    ##.....


Dungeon Overview and Level Annotations

Branches:
Dungeon (12/15)            Temple (1/1) D:5            Lair (0/6) D:9
    Orc (0/2) D:10

Altars:
Ashenzari
Cheibriados
Dithmenos
Elyvilon
Fedhas
Gozag
Hepliaklqana
Kikubaaqudgha
Makhleb
Nemelex Xobeh
Okawaru
Qazlal
Ru
Sif Muna
Trog
Uskayaw
Vehumet
Xom
Yredelemnul
Zin
The Shining One

Shops:
D:7 *   D:11 [


Innate Abilities, Weirdness & Mutations

You can breathe blasts of scalding, opaque steam.
Your pale cyan-grey scales are hard. (AC +7)
You cannot fit into any form of body armour.
You are cold-blooded and may be slowed by cold attacks.
You have sharp toenails.
Your mind is acute. (Int +2)
You are clumsy. (Dex -2)
Your body sometimes deteriorates upon taking damage.
You passively map a small area around you.
You are robust. (+10% HP)
Your muscles are strong. (Str +2)
Your spells are harder to cast, but more powerful.
You evolve.


Message History

The centaur shouts!
A crimson imp comes into view.
The crimson imp shouts!
The centaur wields a shortbow.
The centaur shoots an arrow.
The arrow barely misses you.
The crimson imp blinks!
Found a scroll of remove curse and an arrow.
A wyvern and a phantom come into view.
You see here a scroll of remove curse.
Blink to where?
Press: ? - help, Dir - move target cursor You are very lightly contaminated with residual magic.
As you read the scroll of blinking, it crumbles to dust.
A worker ant and an ugly thing come into view.
The red ugly thing gurgles horribly!
The worker ant twitches its antennae in your direction.
The red ugly thing kicks you!
* * * LOW HITPOINT WARNING * * *
You are engulfed in flames!!
You die...
Xom cackles wildly!

#....§.......
*....5...#......
, ..5.(...#
.#### ,
........#* #
.#####.## ,
*####.###.# *,
#.##........# ,
#.....u.#* * * ,
≈≈##.##@# * , *
#≈......# , #.
#≈...##a#
#....###. #≈##*
#.# #.#......#.
≈≈ ***#.#
......#.## , ..#
,.....#.## ### *
#.#...<..
#..#.#.#. *
#..#.#.#.


You could see a red ugly thing and a worker ant.

Vanquished Creatures
  Nessos (D:12)
  Harold (D:12)
  2 two-headed ogres
  2 manticores
  An ugly thing (D:11)
  The ghost of hilaritas the Magician, a novice DEIE of Sif Muna (D:6)
  3 slime creatures (D:12)
  5 hippogriffs
  8 yaks
  3 wyverns
  A hungry ghost (D:6)
  2 water moccasins
  A porcupine (D:10)
  3 black bears
  7 orc warriors
  A phantom (D:10)
  An eye of draining (D:9)
  2 sky beasts
  3 ice beasts
  6 ogres
  4 centaurs
  A crocodile (D:11)
  The ghost of hilaritas the Chiller, an amateur DEIE of Sif Muna (D:4)
  9 bullfrogs
  A wyvern skeleton (D:10)
  4 scorpions
  6 howler monkeys
  4 electric eels
  11 crimson imps
  2 quasits
  2 bullfrog skeletons
  A centaur zombie (D:9)
  A jelly (D:10)
  5 orc priests
  A centaur skeleton (D:10)
  8 hounds
  10 orc wizards
  2 iguanas
  8 worker ants
  A worker ant zombie (D:8)
  A howler monkey zombie (D:6)
  3 gnolls (D:6)
  7 adders
  2 shadow imps
  An ooze (D:4)
  An adder skeleton (D:8)
  2 worms
  2 dart slugs
  5 leopard geckos
  43 orcs
  7 bats
  9 giant cockroaches
  10 goblins
  6 hobgoblins
  21 jackals
  7 quokkas
  A ball python (D:1)
  5 frilled lizards
  A jackal skeleton (D:4)
  2 jackal zombies
  14 kobolds
  11 rats
297 creatures vanquished.

Vanquished Creatures (others)
  A crimson imp (D:7)
  2 spectral weapons
3 creatures vanquished.

Grand Total: 300 creatures vanquished

Notes
Turn   | Place    | Note
-------+----------+-------------------------------------------
     0 | D:1      | Mesmaeker13 the Draconian Skald began the quest for the Orb.
     0 | D:1      | Reached XP level 1. HP: 17/17 MP: 3/3
   414 | D:1      | Reached XP level 2. HP: 24/24 MP: 0/5
   516 | D:1      | Reached skill level 3 in Charms
  1037 | D:1      | Reached XP level 3. HP: 29/29 MP: 6/6
  1248 | D:1      | Learned a level 2 spell: Song of Slaying
  2161 | D:2      | Reached XP level 4. HP: 34/36 MP: 4/7
  2165 | D:2      | Learned a level 2 spell: Shroud of Golubria
  3123 | D:3      | Reached XP level 5. HP: 28/41 MP: 0/8
  4086 | D:3      | Reached skill level 4 in Charms
  4497 | D:3      | Noticed a centaur
  4512 | D:3      | Killed a centaur
  4512 | D:3      | Reached XP level 6. HP: 19/48 MP: 0/9
  4719 | D:3      | Learned a level 3 spell: Regeneration
  5487 | D:4      | Noticed hilaritas's ghost (amateur DEIE)
  5500 | D:4      | Killed hilaritas's ghost
  5752 | D:4      | Reached skill level 1 in Translocations
  5838 | D:4      | Your scales start taking on a pale cyan-grey colour.
  5838 | D:4      | Reached XP level 7. HP: 48/55 MP: 0/10
  6259 | D:4      | Reached skill level 5 in Charms
  6331 | D:5      | Entered Level 5 of the Dungeon
  6598 | D:5      | Reached skill level 5 in Polearms
  6598 | D:5      | Reached skill level 5 in Dodging
  6727 | D:5      | Found a staircase to the Ecumenical Temple.
  6780 | D:5      | Reached XP level 8. HP: 54/61 MP: 3/11
  6788 | Temple   | Entered the Ecumenical Temple
  7045 | Temple   | Became a worshipper of Xom of Chaos
  7149 | D:5      | XOM: divination: magic mapping
  7155 | D:5      | XOM: potion effect (agility)
  7159 | D:5      | Reached skill level 1 in Necromancy
  7181 | D:5      | XOM: divination: detect items
  7400 | D:5      | Learned a level 3 spell: Spectral Weapon
  7502 | D:6      | XOM: harmless Hex miscast
  7642 | D:6      | XOM: harmless Air miscast
  7852 | D:6      | XOM: silly message
  7862 | D:6      | Reached skill level 6 in Charms
  8059 | D:6      | XOM: cast spell 'Shadow Creatures'
  8159 | D:6      | XOM: cast spell 'Ring of Flames'
  8248 | D:6      | Reached XP level 9. HP: 67/67 MP: 12/12
  8261 | D:6      | Noticed hilaritas's ghost (novice DEIE)
  8267 | D:6      | Killed hilaritas's ghost
  8267 | D:6      | Reached skill level 1 in Hexes
  8662 | D:7      | Found Vour's Assorted Antiques.
  8681 | D:7      | Bought a bloodstained long sword for 255 gold pieces
  8681 | D:7      | Identified the +6 long sword of Stickiness {freeze, +Rage rF+ Int+3} (You bought it in a shop on level 7 of the Dungeon)
  8721 | D:7      | Reached skill level 1 in Long Blades
  8730 | D:7      | XOM: divination: magic mapping
  8866 | D:7      | XOM: harmless Summ miscast
  8875 | D:7      | Reached skill level 7 in Charms
  9008 | D:7      | XOM: silly message
  9166 | D:7      | XOM: 5-stop teleportation journey
  9217 | D:7      | Found a bloodstained altar of Trog.
  9278 | D:7      | XOM: scenery: create altars
  9520 | D:8      | XOM is BORED!
  9520 | D:8      | XOM: confusion (+ monsters)
  9526 | D:8      | XOM: scenery: create altars
 10169 | D:9      | Found a staircase to the Lair.
 10201 | D:9      | Reached XP level 10. HP: 73/73 MP: 8/13
 10839 | D:9      | Got a crude buckler
 10845 | D:9      | Identified the +2 buckler "Henull" {+Fly rF- rCorr Str+8} (You found it on level 9 of the Dungeon)
 10988 | D:9      | Got a transparent morningstar
 10988 | D:9      | XOM: enchant monster (good)
 11000 | D:9      | Identified the +6 morningstar of the Last Lives {flame, Int+4} (You found it on level 9 of the Dungeon)
 11192 | D:9      | XOM: divination: magic mapping
 11252 | D:9      | XOM: divination: detect items
 11271 | D:9      | Reached skill level 1 in Shields
 11439 | D:9      | XOM: god gift: 4 javelins of penetration
 11466 | D:9      | XOM: scenery: create altars
 11488 | D:10     | Entered Level 10 of the Dungeon
 11488 | D:10     | XOM: give mutations
 11488 | D:10     | Gained mutation: You evolve. [Xom's grace]
 11488 | D:10     | Gained mutation: Your spells are a little harder to cast, but a little more powerful. [Xom's grace]
 11488 | D:10     | Gained mutation: You are robust. (+10% HP) [Xom's grace]
 11520 | D:10     | Gained mutation: Your muscles are strong. (Str +2) [evolution]
 11620 | D:10     | Reached skill level 8 in Charms
 11626 | D:10     | XOM: divination: detect items
 11838 | D:10     | XOM: medium Hex miscast
 11894 | D:10     | Reached skill level 5 in Long Blades
 12004 | D:10     | XOM: god gift: scroll of blinking
 12298 | D:10     | Reached skill level 5 in Hexes
 12419 | D:10     | Noticed a two-headed ogre
 12424 | D:10     | Killed a two-headed ogre
 13185 | D:10     | Found a staircase to the Orcish Mines.
 13194 | D:10     | XOM: polymorph orc warrior -> porcupine
 13211 | D:10     | Reached XP level 11. HP: 65/86 MP: 6/15
 13427 | D:10     | XOM: give mutation
 13427 | D:10     | Gained mutation: You have sharp toenails. [Xom's grace]
 13438 | D:10     | Learned a level 3 spell: Conjure Flame
 13461 | D:11     | Found Fateopu's Antique Armour Boutique.
 13550 | D:11     | XOM is BORED!
 13550 | D:11     | XOM: 1-stop teleportation journey
 13552 | D:11     | XOM: mild Chrm miscast
 13689 | D:11     | XOM: cloud trail
 13743 | D:11     | Noticed a brown ugly thing
 13751 | D:11     | Killed a brown ugly thing
 13913 | D:11     | XOM is BORED!
 13913 | D:11     | XOM: give mutations
 13913 | D:11     | Gained mutation: You are clumsy. (Dex -2) [Xom's mischief]
 13913 | D:11     | Lost mutation: Your muscles are strong. (Str +2) [Xom's mischief]
 13913 | D:11     | Gained mutation: Your body sometimes deteriorates upon taking damage. [Xom's mischief]
 14167 | D:11     | Reached skill level 9 in Charms
 14192 | D:11     | XOM: give mutations
 14192 | D:11     | Gained mutation: Your muscles are strong. (Str +2) [Xom's grace]
 14192 | D:11     | Gained mutation: You passively map a small area around you. [Xom's grace]
 14192 | D:11     | Gained mutation: Your spells are harder to cast, but more powerful. [Xom's grace]
 14192 | D:11     | Gained mutation: Your mind is acute. (Int +2) [Xom's grace]
 14256 | D:11     | XOM: scenery: 1 doors close
 14257 | D:11     | Noticed a two-headed ogre
 14261 | D:11     | XOM: enchant monster (good)
 14282 | D:11     | Killed a two-headed ogre
 14282 | D:11     | Reached skill level 5 in Shields
 14351 | D:12     | XOM: divination: detect items
 14361 | D:12     | XOM: potion effect (haste)
 14393 | D:12     | Noticed Harold
 14412 | D:12     | Killed Harold
 14626 | D:12     | Noticed Nessos
 14635 | D:12     | Killed Nessos
 14635 | D:12     | Reached skill level 5 in Spellcasting
 14649 | D:12     | Noticed a two-headed ogre
 14662 | D:12     | Noticed a two-headed ogre
 14663 | D:12     | Noticed a red ugly thing
 14664 | D:12     | Mangled by a red ugly thing

Skill      XL: |  1  2  3  4  5  6  7  8  9 10 11 |
---------------+----------------------------------+-----
Charms         | 3 4 5 6 7 8 9 |  9.6
Dodging        | 3 4 5 6 7 |  7.2
Polearms       | 3 4 5 6 |  6.6
Translocations | 1 3 |  3.0
Necromancy     | 3 |  3.1
Hexes          | 3 5 |  5.0
Long Blades    | 3 5 7 |  7.5
Shields        | 4 5 |  5.0
Spellcasting   | 3 5 |  5.2
Fighting       | |  2.1

Action                   |  1- 3 |  4- 6 |  7- 9 | 10-12 || total
-------------------------+-------+-------+-------+-------++-------
Melee: Spear             |   159 |   284 |   239 |       ||   682
       Tailslap          |    17 |    24 |    41 |    53 ||   135
       Long sword        |       |       |    98 |   269 ||   367
 Cast: Infusion          |     9 |    15 |    23 |     8 ||    55
       Song of Slaying   |     2 |     3 |       |     1 ||     6
       Shroud of Golubri |       |     8 |    21 |    26 ||    55
       Regeneration      |       |       |     1 |     5 ||     6
       Spectral Weapon   |       |       |       |    14 ||    14
 Abil: Breathe Steam     |       |       |    15 |     6 ||    21
Evoke: Wand              |       |     2 |     3 |     6 ||    11
  Use: Scroll            |     7 |     3 |     3 |     8 ||    21
       Potion            |       |       |       |     3 ||     3
 Stab: Sleeping          |     3 |       |     2 |     1 ||     6
       Distracted        |       |     1 |       |       ||     1
       Confused          |       |       |     1 |       ||     1
  Eat: Chunk             |     4 |     8 |    15 |    14 ||    41
       Meat ration       |       |     1 |       |     1 ||     2
       Bread ration      |       |       |     1 |       ||     1
Armor: Skin              |    36 |    61 |    90 |    46 ||   233
Dodge: Dodged            |    98 |   170 |   217 |   163 ||   648
Block: Buckler           |       |       |       |    54 ||    54
       Rpst.: Long sword |       |       |    24 |    41 ||    65
